[Event "*** Titled Tuesday Blitz"]
[Site "Chess.com"]
[Date "2019.07.02"]
[Round "6"]
[White "severomorskij"]
[Black "JonahWillow"]
[Result "1-0"]
[WhiteElo "2859"]
[BlackElo "2713"]
[TimeControl "180+2"]
[EndTime "14:21:28 PDT"]
[Termination "severomorskij won on time"]

1. d4 Nf6 2. Bg5 e6 3. e4 h6 4.
Bxf6 Qxf6 5. c3 e5 6. Nf3 d6 7.
Na3 Be7 8. Qa4+ c6 9. Be2 O-O 10. O-O Bg4 11. Qc2 Re8 12. Rad1 Bh5 13. Nc4 Bf8 14. dxe5 dxe5 15. Ncxe5 Rxe5 16. Nxe5 Qxe5 17. Bxh5 Qxh5 18. Rd8 Qe5 19. Rfd1 g6 20. Qd3 a5 21. Qd4 Qc7 22. h4 Ra6 23. Qf6 1-0

[Event "*** Titled Tuesday Blitz"]
[Site "Chess.com"]
[Date "2019.07.02"]
[Round "6"]
[White "Hrant_ChessMood"]
[Black "shnitez"]
[Result "1-0"]
[WhiteElo "2948"]
[BlackElo "2581"]
[TimeControl "180+2"]
[EndTime "14:21:28 PDT"]
[Termination "Hrant_ChessMood won on time"]

1. e4 e5 2. Nf3 Nc6 3. Bc4 Bc5 4.
O-O Nf6 5. d3 d6 6. c3 a6 7. a4 Ba7 8. Nbd2 h6 9. Re1 O-O 10.
Nf1 Ne7 11. Be3 Ng6 12. Bxa7 Rxa7 13. Ne3 Ra8 14. b4 Re8 15. Qc2 Be6 16. Bxe6 Rxe6 17. c4 Re8 18. g3 Nf8 19. a5 c6 20. Rad1 Rc8 21. Nf5 c5 22. Qb2 Ne6 23. Nd2 g6 24. Ne3 Re7 25. Kg2 Kg7 26. Rb1 h5 27. h4 Rec7 28.
Nf3 Re7 29. Red1 Rd7 30. bxc5 Rxc5 31. d4 exd4 32. Nxd4 Nxd4 33. Qxd4 Kg8 34. Ra1 1-0

[Event "*** Titled Tuesday Blitz"]
[Site "Chess.com"]
[Date "2019.07.02"]
[Round "6"]
[White "ChessWeebs"]
[Black "Hikaru"]
[Result "0-1"]
[WhiteElo "2807"]
[BlackElo "3150"]
[TimeControl "180+2"]
[EndTime "14:21:29 PDT"]
[Termination "Hikaru won by resignation"]

1. d4 g6 2. Nf3 f5 3. b3 Bg7 4. Bb2 d6 5. Nbd2 Nf6 6. g3 c6 7. Bg2 O-O 8. O-O Ne4 9. c4 d5 10.
Ne5 Nd7 11. Ndf3 Ndf6 12. Nd3 Kh8 13. Nfe5 Be6 14. f3 Nd6 15. c5 Nf7 16. b4 Nd7 17. Nxf7+ Bxf7 18. a4 b6 19. Rc1 Rb8 20. cxb6 Nxb6 21.
Ne5 Nc4 22. Nxc4 dxc4 23. Bc3 a5 24. bxa5 Rb3 25. e3 c5 26. Kh1 f4 27. gxf4 cxd4 28.
exd4 Bd5 29. f5 Rxf5 30. f4 Bxg2+ 31. Kxg2 Rd5 32. Qe2 Bxd4 33. Bxd4+ Rxd4 34. Qe5+ Kg8 35. Rxc4 Rb2+ 36. Rf2 Qa8+ 37. Kg3 Rd3+ 38. Kh4 Rxf2 39. Qe6+ Kf8 40. Rc8+ Qxc8 41. Qxc8+ Kg7 0-1

[Event "*** Titled Tuesday Blitz"]
[Site "Chess.com"]
[Date "2019.07.02"]
[Round "6"]
[White "Nightlord1"]
[Black "telarubo96"]
[Result "1-0"]
[WhiteElo "2161"]
[BlackElo "2321"]
[TimeControl "180+2"]
[EndTime "14:21:31 PDT"]
[Termination "Nightlord1 won on time"]

1. e4 c5 2. c3 Nf6 3. e5 Nd5 4. d4 cxd4 5. Nf3 e6 6. cxd4 d6 7. Bc4 Nc6 8. O-O Be7 9. Qe2 O-O 10. a3 b6 11. Bd3 Bb7 12. Bd2 Rc8 13. Qe4 g6 14.
Bh6 Re8 15. Nbd2 Bf8 16. Bg5 Be7 17. Bh6 Bf8 18. Bg5 Be7 19. h4 f5 20. exf6 Bxf6 21. Rfe1 Qd7 22. Rad1 Bg7 23. h5 Nce7 24. hxg6 Nxg6 25.
Qg4 Rc7 26. Nh4 Nxh4 27. Qxh4 Bh8 28. Re4 Qg7 29. Rg4 h5 30. Qxh5 Rf8 31. Bh6 Nf6 32.
Bxg7 Nxh5 33. Bxf8+ Kxf8 34. Rh4 1-0

[Event "*** Titled Tuesday Blitz"]
[Site "Chess.com"]
[Date "2019.07.02"]
[Round "6"]
[White "Bad4life"]
[Black "GelmanAlexander"]
[Result "0-1"]
[WhiteElo "2353"]
[BlackElo "2552"]
[TimeControl "180+2"]
[EndTime "14:21:35 PDT"]
[Termination "GelmanAlexander won by checkmate"]

1. e4 c5 2. Nf3 e6 3. d4 cxd4 4. Nxd4 d6 5. Nc3 a6 6. f4 b5 7. Bd3 Bb7 8. O-O Nd7 9. a3 Ngf6 10. Kh1 g6 11. e5 dxe5 12. fxe5 Nxe5 13. Bg5 Be7 14. Bh6 Nfg4 15. Bf4 Bc5 16. Ndxb5 axb5 17. Bxb5+ Ke7 18. Bg5+ f6 19. Qe2 fxg5 20. h3 h5 21. Rad1 Qc7 22. Ne4 Nd3 23. Rf7+ Kxf7 24. Nxg5+ Kf6 25.
Qxe6+ Kxg5 26. h4+ Kh6 27. Bxd3 Qh2# 0-1

[Event "*** Titled Tuesday Blitz"]
[Site "Chess.com"]
[Date "2019.07.02"]
[Round "6"]
[White "Padenie_Zvezd"]
[Black "ChessWarrior7197"]
[Result "1-0"]
[WhiteElo "2727"]
[BlackElo "2829"]
[TimeControl "180+2"]
[EndTime "14:21:39 PDT"]
[Termination "Padenie_Zvezd won by resignation"]

1. d4 Nf6 2. c4 e6 3. Nf3 b6 4. g3 Bb7 5. Bg2 Be7 6. Bg5 O-O 7. Nc3 Ne4 8. Bxe7 Qxe7 9. Qc2 f5 10. Nd2 Nc6 11. Ndxe4 fxe4 12. Bxe4 Nxd4 13. Qd3 Bxe4 14. Qxe4 Nf5 15. O-O-O Nd6 16. Qd4 Qf6 17. f4 Qxd4 18. Rxd4 Rae8 19. e4 e5 20. Rxd6 cxd6 21. f5 Rc8 22. b3 Rc6 23. g4 Kf7 24. Rd1 a6 25.
Kb2 Rb8 26. a4 a5 27. h4 h6 28. g5 hxg5 29. hxg5 Rh8 30. g6+ Ke8 31. Nd5 Rh4 32.
Rg1 Kf8 33. f6 Rh6 34. Ne7 Rh2+ 35. Ka3 Rc5 36. fxg7+ Kxg7 37. Nf5+ Kg8 38. g7 Rc8 39. Ne7+ 1-0

[Event "*** Titled Tuesday Blitz"]
[Site "Chess.com"]
[Date "2019.07.02"]
[Round "6"]
[White "DACF2905"]
[Black "Benjoneliere44"]
[Result "0-1"]
[WhiteElo "2231"]
[BlackElo "2456"]
[TimeControl "180+2"]
[EndTime "14:21:39 PDT"]
[Termination "Benjoneliere44 won on time"]

1. e4 c5 2. Nf3 d6 3. d4 cxd4 4. Nxd4 Nf6 5. Nc3 g6 6. Be2 Bg7 7. Be3 O-O 8. g4 Nc6 9. Nxc6 bxc6 10. g5 Nd7 11. Bd4 Bxd4 12. Qxd4 Qb6 13. Qxb6 axb6 14. a3 b5 15. O-O-O Nc5 16. h4 Kg7 17. f4 Rb8 18. b4 Nd7 19. h5 Nb6 20. Rhf1 f6 21.
hxg6 hxg6 22. gxf6+ Rxf6 23. e5 dxe5 24. fxe5 Rxf1 25.
Rxf1 Bf5 26. Bf3 Rh8 27. Bxc6 Rc8 28. Nxb5 Rxc6 29. Nd4 Rc3 30. Nxf5+ gxf5 31. Kb2 Na4+ 32. Kb1 Rxa3 33. Rxf5 Re3 34. Ka2 e6 35. Rg5+ Kf7 0-1

[Event "*** Titled Tuesday Blitz"]
[Site "Chess.com"]
[Date "2019.07.02"]
[Round "6"]
[White "Walter_White_Poland"]
[Black "Sajkochess"]
[Result "1-0"]
[WhiteElo "2298"]
[BlackElo "2247"]
[TimeControl "180+2"]
[EndTime "14:21:39 PDT"]
[Termination "Walter_White_Poland won by resignation"]

1. Nf3 Nf6 2. c4 e6 3. g3 d5 4.
Bg2 dxc4 5. Qa4+ Nbd7 6. Qxc4 a6 7. Qc2 b5 8. Ne5 Nxe5 9. Bxa8 Be7 10. Bg2 O-O 11. O-O c5 12. d3 Nd5 13. Nc3 Nb4 14. Qd1 Qb6 15. a4 Rd8 16. axb5 axb5 17. Be3 Ng4 18. Bd2 c4 19. dxc4 bxc4 20. Qa4 Bd7 21.
Qa5 Bc5 22. Qxb6 Bxb6 23. Na4 Bxa4 24. Rxa4 Rxd2 25. Rxb4 Bd8 26. Rxc4 Ne5 27. Rc8 Kf8 28. b4 Ke7 29. Rb1 Bb6 30. Rb8 Bd4 31. Rb7+ Kf6 32.
e3 Bc3 33. b5 Ng4 34. h3 Nxf2 35. Rf1 Ke5 36. Rxf2 1-0

[Event "*** Titled Tuesday Blitz"]
[Site "Chess.com"]
[Date "2019.07.02"]
[Round "6"]
[White "ckgchess"]
[Black "eldur16"]
[Result "1-0"]
[WhiteElo "2694"]
[BlackElo "2571"]
[TimeControl "180+2"]
[EndTime "14:21:40 PDT"]
[Termination "ckgchess won by resignation"]

1. e4 g6 2. d4 Bg7 3. Nc3 d6 4. f4 a6 5. Nf3 b5 6. Bd3 Nd7 7. e5 c5 8. Be4 Rb8 9. Be3 cxd4 10. Nxd4 dxe5 11. Nc6 Qc7 12. Nxb8 Qxb8 13. O-O Ngf6 14. Qf3 O-O 15. Rad1 exf4 16. Bxf4 Qb6+ 17.
Kh1 b4 18. Nd5 Nxd5 19. Bxd5 e6 20. Bb3 Bb7 21. Qe3 Qc6 22. Qe2 Nc5 23. Rd6 Qc8 24.
Be5 Ne4 25. Bxg7 Kxg7 26. Rd4 Qc6 27. Rxb4 Rd8 28. Rc4 Qb5 29. Qf3 f5 30. Rc7+ Rd7 31.
Rxd7+ Qxd7 32. Qd3 Qc6 33. Qe3 h5 34. c3 h4 35. Kg1 h3 36. gxh3 Nxc3 37. Qxc3+ 1-0

[Event "*** Titled Tuesday Blitz"]
[Site "Chess.com"]
[Date "2019.07.02"]
[Round "6"]
[White "ruzomberok"]
[Black "AlexanderKing"]
[Result "1-0"]
[WhiteElo "2434"]
[BlackElo "2518"]
[TimeControl "180+2"]
[EndTime "14:21:45 PDT"]
[Termination "ruzomberok won on time"]

1. Nf3 d5 2. c4 e6 3. g3 Nf6 4. Bg2 Be7 5. O-O O-O 6. b3 c5 7. Bb2 Nc6 8. e3 d4 9. exd4 cxd4 10. Re1 Ne8 11. Ne5 Nxe5 12. Rxe5 f6 13. Re1 e5 14. Ba3 Nd6 15. d3 a5 16. Nd2 Bf5 17. Bxd6 Qxd6 18. Bxb7 Rab8 19. Bd5+ Kh8 20. Qf3 Bg6 21.
h4 h6 22. Qe2 Qd7 23. Kg2 Bb4 24. Rh1 Bh7 25. Rad1 Rbe8 26. Nf3 Qd6 27. h5 f5 28. Nh4 Bc3 29. f3 Qf6 30. Rdf1 Qg5 31. g4 e4 32. fxe4 fxg4 33. Rxf8+ Rxf8 34. Rf1 Rf6 35. Rxf6 Qxf6 36. Qxg4 g5 37. hxg6 Bg8 38. Nf5 Bxd5 39. cxd5 Bd2 40. g7+ Kg8 41. d6 Bg5 42. d7 Qd8 43. Kf3 Kh7 44.
Nxd4 1-0

[Event "*** Titled Tuesday Blitz"]
[Site "Chess.com"]
[Date "2019.07.02"]
[Round "6"]
[White "irregularity"]
[Black "Manukyan_Artak"]
[Result "1-0"]
[WhiteElo "2531"]
[BlackElo "2319"]
[TimeControl "180+2"]
[EndTime "14:21:47 PDT"]
[Termination "irregularity won by resignation"]

1. e4 c6 2. Nc3 d5 3. Nf3 Bg4 4. h3 Bxf3 5. Qxf3 Nf6 6. d3 e6 7. a3 Nbd7 8. g4 h6 9. h4 Qb6 10. g5 hxg5 11. hxg5 Rxh1 12. Qxh1 Ng8 13. g6 fxg6 14.
Qh3 O-O-O 15. Qxe6 Nf6 16. Qf7 dxe4 17. dxe4 Bc5 18. f3 Bf2+ 19. Ke2 Bd4 20. Qxg6 Bxc3 21. bxc3 Qb5+ 22. Ke1 Qc5 23. Bd2 Ne5 24. Qg3 b5 25. a4 Nc4 26. Bd3 Nb2 27. axb5 Nxd3+ 28. cxd3 cxb5 29.
Qxg7 Nd7 30. Qd4 Kb7 31. Be3 Qxd4 32. Bxd4 a6 33. Ke2 Nb8 34. Bc5 Nc6 35. d4 a5 36.
d5 Ne5 37. Rxa5 1-0

[Event "*** Titled Tuesday Blitz"]
[Site "Chess.com"]
[Date "2019.07.02"]
[Round "6"]
[White "AbasovN"]
[Black "chessdjw"]
[Result "1-0"]
[WhiteElo "2884"]
[BlackElo "2714"]
[TimeControl "180+2"]
[EndTime "14:21:48 PDT"]
[Termination "AbasovN won by resignation"]

1. e4 e5 2. Nf3 Nc6 3. Bb5 a6 4. Bxc6 dxc6 5. O-O Bd6 6. d4 exd4 7. Qxd4 f6 8. Nbd2 Be6 9. b3 Ne7 10. Nc4 Bxc4 11. Qxc4 Qd7 12. Bb2 O-O-O 13. Rad1 Ng6 14. e5 fxe5 15. Nxe5 Qf5 16. Qg4 Qxg4 17. Nxg4 Rd7 18. g3 Re8 19. Ne3 Rf7 20. Kg2 Ne5 21. Bxe5 Rxe5 22.
Nc4 Re6 23. Rfe1 Rfe7 24. Rxe6 Rxe6 25. Kf3 Bc5 26. Rd2 b5 27. Ne3 Rf6+ 28. Ke2 g5 29. Ng4 Re6+ 30. Kf3 h5 31. Ne3 g4+ 32. Kf4 Kb7 33.
c3 a5 34. Re2 Ka6 35. Kg5 Re5+ 36. Kf6 Bd6 37. Rd2 a4 38. Nf5 Bc5 39. Kxe5 1-0

[Event "*** Titled Tuesday Blitz"]
[Site "Chess.com"]
[Date "2019.07.02"]
[Round "6"]
[White "ozates"]
[Black "narutosmith"]
[Result "1-0"]
[WhiteElo "2323"]
[BlackElo "2210"]
[TimeControl "180+2"]
[EndTime "14:21:48 PDT"]
[Termination "ozates won on time"]

1. e4 e5 2. Nf3 Nc6 3. Bc4 Nf6 4. d3 Be7 5. O-O O-O 6. Bb3 d6 7. c3 h6 8. Nbd2 Nh7 9. Re1 Kh8 10. Nc4 f5 11.
exf5 Bxf5 12. Ne3 Bd7 13. d4 Ng5 14. Nxg5 Bxg5 15. Bc2 Qf6 16. f3 exd4 17. Nd5 Qd8 18. f4 Be7 19. Qh5 Be8 20. Qe2 Bf6 21. Qd3 g6 22. Qh3 Kg7 23. g4 Rh8 24. Bd2 Bf7 25. c4 g5 26. Qd3 Nb8 27. fxg5 hxg5 28. Rf1 Nd7 29. Nxf6 1-0

[Event "*** Titled Tuesday Blitz"]
[Site "Chess.com"]
[Date "2019.07.02"]
[Round "6"]
[White "IMRosen"]
[Black "ASargsyan1"]
[Result "1-0"]
[WhiteElo "2589"]
[BlackElo "2597"]
[TimeControl "180+2"]
[EndTime "14:21:50 PDT"]
[Termination "IMRosen won by resignation"]

1. d4 Nf6 2. Bf4 d5 3. e3 c5 4. Nf3 Nc6 5. Nbd2 Bg4 6. c3 e6 7. Qa4 Nd7 8. Bb5 Qb6 9. c4 Bxf3 10. Nxf3 cxd4 11. Nxd4 e5 12. cxd5 Nc5 13. Qc4 exd4 14. dxc6 bxc6 15. exd4 cxb5 16. dxc5 bxc4 17. cxb6 axb6 18.
Kd2 Bb4+ 19. Kc2 O-O 20. Be3 b5 21. a3 Be7 22. Rad1 Rfc8 23. Bd4 c3 24. Bxc3 Bxa3 25. Kb3 Bf8 26. Rhe1 b4 27. Bd4 h6 28. Re2 Rd8 29.
Red2 Rd5 30. Be3 Rh5 31. h3 Be7 32. Rd7 Kf8 33. Rb7 Re5 34. Rdd7 Re6 35. Rxe7 Rxe7 36. Bc5 Re8 37. Rxe7 Rxe7 38. Kxb4 Ke8 39. Bxe7 Kxe7 40. Kc5 Kd7 41. b4 Kc7 42. f4 1-0

[Event "*** Titled Tuesday Blitz"]
[Site "Chess.com"]
[Date "2019.07.02"]
[Round "6"]
[White "adriangschnitzer"]
[Black "vovachesss"]
[Result "0-1"]
[WhiteElo "2470"]
[BlackElo "2664"]
[TimeControl "180+2"]
[EndTime "14:21:50 PDT"]
[Termination "vovachesss won by resignation"]

1. e4 e5 2. Nf3 d5 3. Nxe5 Bd6 4. d4 dxe4 5. Nc4 Nf6 6. Nxd6+ Qxd6 7. c4 O-O 8. Nc3 Rd8 9. Be3 Nc6 10. d5 Ne5 11.
Be2 Neg4 12. Nxe4 Nxe4 13. Bxg4 Qb4+ 14. Kf1 Bxg4 15. Qxg4 Qxc4+ 16. Qe2 Qxd5 17. f3 Qf5 18. g4 Qf6 19. Kg2 Nd6 20. Rac1 Re8 21. Rxc7 Qe5 22. Rc3 Nb5 23. Rd3 h5 24. h3 Nd4 25. Qf2 Ne6 26.
Rhd1 Rac8 27. Rd5 Qf6 28. Rf5 Qg6 29. Bxa7 Rc4 30. Be3 hxg4 31. hxg4 Rxg4+ 32. fxg4 Qxg4+ 33. Kh2 Qxd1 34. Rxf7 Qh5+ 0-1

[Event "*** Titled Tuesday Blitz"]
[Site "Chess.com"]
[Date "2019.07.02"]
[Round "6"]
[White "Natalya_Buksa"]
[Black "Aknok"]
[Result "0-1"]
[WhiteElo "2433"]
[BlackElo "2377"]
[TimeControl "180+2"]
[EndTime "14:21:52 PDT"]
[Termination "Aknok won by checkmate"]

1. e4 e6 2. d4 d5 3. Nd2 dxe4 4.
Nxe4 Qd5 5. Ng3 c5 6. Nf3 cxd4 7.
Qxd4 Nf6 8. Qxd5 Nxd5 9. Bb5+ Bd7 10. Bd3 Nc6 11. c3 Bc5 12. O-O O-O 13. Ne4 Bb6 14.
Nd6 Rab8 15. Ng5 h6 16. Nf3 e5 17. Re1 Bc5 18. Nc4 f6 19. Nh4 Rfd8 20. Ng6 Be8 21.
Be4 b5 22. Ne3 Nxe3 23. Bxe3 Bxe3 24. Rxe3 Na5 25. Ne7+ Kf8 26. Nd5 Nc4 27. Re2 Bf7 28.
Nb4 Rd6 29. a4 bxa4 30. Rxa4 Rd1+ 31. Re1 Rxe1# 0-1

[Event "*** Titled Tuesday Blitz"]
[Site "Chess.com"]
[Date "2019.07.02"]
[Round "6"]
[White "Blitzstream"]
[Black "ElGasanov"]
[Result "0-1"]
[WhiteElo "2776"]
[BlackElo "2740"]
[TimeControl "180+2"]
[EndTime "14:21:53 PDT"]
[Termination "ElGasanov won by resignation"]

1. d4 d5 2. Bf4 Nf6 3. e3 g6 4. Nf3 Bg7 5. Be2 O-O 6. O-O c5 7. c3 Nc6 8. Nbd2 b6 9. Ne5 Bb7 10. Nxc6 Bxc6 11. Be5 Re8 12. Bf3 Rc8 13. Re1 e6 14.
Qb3 Bh6 15. Rad1 Nd7 16. Bd6 Bg7 17. Qa3 a5 18. b3 b5 19. Bxc5 Nxc5 20. dxc5 Bxc3 21.
Qc1 b4 22. e4 d4 23. e5 Bxf3 24. Nxf3 Bxe1 25. Qh6 f5 26. exf6 Qxf6 27. Rxe1 Rxc5 28. h4 Rf5 29. Ng5 Qg7 30. Qxg7+ Kxg7 31. g4 Rd5 32. Nxe6+ Kf7 0-1

[Event "*** Titled Tuesday Blitz"]
[Site "Chess.com"]
[Date "2019.07.02"]
[Round "6"]
[White "MikeSailer"]
[Black "nitpicker"]
[Result "0-1"]
[WhiteElo "2062"]
[BlackElo "2236"]
[TimeControl "180+2"]
[EndTime "14:21:57 PDT"]
[Termination "nitpicker won by checkmate"]

1. b4 e5 2. Bb2 Bxb4 3. Bxe5 Nf6 4. c4 Nc6 5. Bb2 O-O 6. Nf3 d5 7. cxd5 Nxd5 8. e3 Re8 9. Be2 a5 10. O-O Bf5 11. a3 Bd6 12. d3 Bg6 13. Nbd2 b5 14.
Rc1 Qd7 15. d4 Rab8 16. Qb3 a4 17. Qa2 b4 18. Nc4 b3 19. Qa1 Bc2 20. Nfe5 Nxe5 21. Nxe5 Qf5 22. Bg4 Qg5 23. f4 Qh6 24. Rf3 Nxe3 25. Rxe3 Qxf4 26. Rf3 Qg5 27. Bd7 Rf8 28. Rcf1 Be4 29. Rxf7 Qxg2# 0-1

[Event "*** Titled Tuesday Blitz"]
[Site "Chess.com"]
[Date "2019.07.02"]
[Round "6"]
[White "chess4life23"]
[Black "TheBigBadChessDad"]
[Result "0-1"]
[WhiteElo "2347"]
[BlackElo "2303"]
[TimeControl "180+2"]
[EndTime "14:21:59 PDT"]
[Termination "TheBigBadChessDad won on time"]

1. d4 d5 2. c4 e6 3. Nc3 Nf6 4. Nf3 Be7 5. Bg5 Nbd7 6. e3 h6 7. Bh4 O-O 8. Rc1 c5 9. cxd5 Nxd5 10. Bg3 Nxc3 11. bxc3 cxd4 12. exd4 b6 13. Bd3 Bb7 14. O-O Rc8 15. Qe2 Nf6 16. Ne5 Nd5 17. Qe4 f5 18. Qf3 Bg5 19. Ng6 Rf7 20. Rce1 f4 21. Rxe6 fxg3 22. Qe4 gxh2+ 23. Kh1 Nf6 24. Qe2 Qd5 25. f3 Nh5 26. Re8+ Rf8 27. Rxf8+ Rxf8 28. Kxh2 Nf4 29. Qe7 Nxg6 0-1

[Event "*** Titled Tuesday Blitz"]
[Site "Chess.com"]
[Date "2019.07.02"]
[Round "6"]
[White "andrzej"]
[Black "volcanoexplorer"]
[Result "1-0"]
[WhiteElo "2343"]
[BlackElo "2521"]
[TimeControl "180+2"]
[EndTime "14:22:03 PDT"]
[Termination "andrzej won on time"]

1. d4 Nf6 2. Bg5 d5 3. Bxf6 exf6 4. e3 Bd6 5. g3 c6 6. Bg2 f5 7. Ne2 Nd7 8. Nd2 Nf6 9. c4 dxc4 10. Nxc4 Bb4+ 11. Nc3 O-O 12. O-O Be6 13. Qe2 Re8 14. Rfd1 a5 15. Rac1 a4 16. a3 Be7 17. Ne5 Bd6 18.
Nc4 Bc7 19. Nd2 Qe7 20. Re1 h5 21. Nf3 Bb3 22. Nh4 g6 23. Nf3 Ba5 24. Ne5 Kg7 25.
Nc4 Bc7 26. Nd2 Be6 27. Nf3 Ne4 28. Nd2 Nxc3 29. Rxc3 Ba5 30. Rcc1 Red8 31. Red1 Qf6 32.
Nf3 Bb3 33. Rf1 Rac8 34. Ne5 Bc7 35. Nd3 1-0

[Event "*** Titled Tuesday Blitz"]
[Site "Chess.com"]
[Date "2019.07.02"]
[Round "6"]
[White "HanSchut"]
[Black "Karina_Ivanova"]
[Result "1-0"]
[WhiteElo "2216"]
[BlackElo "2176"]
[TimeControl "180+2"]
[EndTime "14:22:03 PDT"]
[Termination "HanSchut won by checkmate"]

1. e4 c6 2. d4 d5 3. exd5 cxd5 4.
c4 Nf6 5. Nc3 e6 6. Nf3 Bb4 7.
cxd5 Nxd5 8. Qc2 Nc6 9. a3 Be7 10.
Bd3 g6 11. O-O O-O 12. Bh6 Re8 13. Rad1 Bf6 14. Ne4 Bg7 15. Bxg7 Kxg7 16. Bb5 Qb6 17. Bxc6 Qxc6 18. Qxc6 bxc6 19. Rc1 Bb7 20. Nd6 Reb8 21. b4 a5 22. Ne5 axb4 23. axb4 Ba6 24. Rfe1 Rxb4 25.
Ndxf7 Rxd4 26. Ng5 Nf4 27. g3 Ne2+ 28. Rxe2 Bxe2 29.
Nxe6+ Kf6 30. Nxd4 Kxe5 31. Nxe2 Rc8 32. Kg2 c5 33.
f4+ Ke4 34. Kf2 c4 35. Rc3 Rc7 36. Re3+ Kd5 37. Nc3+ Kd4 38. Nb5+ Kc5 39. Nxc7 Kc6 40. Rc3 Kc5 41. Ne6+ Kd6 42. Rxc4 Kxe6 43. Rc5 Kf6 44. Re5 h5 45. h4 Kf7 46. Kf3 Kf6 47. Ke4 Kg7 48.
Re6 Kh6 49. f5 Kh7 50. Rxg6 Kh8 51. Ke5 Kh7 52. Ke6 Kh8 53. Kf7 Kh7 54. f6 Kh8 55. Rh6# 1-0

[Event "*** Titled Tuesday Blitz"]
[Site "Chess.com"]
[Date "2019.07.02"]
[Round "6"]
[White "przemekpiotrowski"]
[Black "tteshan"]
[Result "0-1"]
[WhiteElo "2329"]
[BlackElo "2232"]
[TimeControl "180+2"]
[EndTime "14:22:04 PDT"]
[Termination "tteshan won by checkmate"]

1. d4 d5 2. Nf3 Nf6 3. g3 e6 4.
Bg2 Bd6 5. O-O O-O 6. c4 dxc4 7.
a4 Nc6 8. Nbd2 Na5 9. Qc2 Bd7 10. Nxc4 Nxc4 11. Qxc4 Bc6 12. Bg5 h6 13. Bxf6 Qxf6 14.
Qd3 Rfd8 15. e4 Bf8 16. Qe3 g6 17. Ne5 Be8 18. Rac1 Rac8 19. Rfd1 Bxa4 20. b3 Be8 21. f4 c5 22. d5 c4 23. Kh1 cxb3 24. Ng4 Qb2 25. Rb1 Qa2 26. Rxb3 Rc2 27. Nf6+ Kh8 28. Nxe8 Rxe8 29. Qf3 Rxg2 30. Qxg2 Qxb3 31. Qd2 exd5 32. exd5 Bg7 33. d6 Qf3+ 34. Kg1 Re2 35. d7 Qg2# 0-1

[Event "*** Titled Tuesday Blitz"]
[Site "Chess.com"]
[Date "2019.07.02"]
[Round "6"]
[White "Mikhail_Golubev"]
[Black "Alexander_Moskalenko"]
[Result "0-1"]
[WhiteElo "2561"]
[BlackElo "2869"]
[TimeControl "180+2"]
[EndTime "14:22:06 PDT"]
[Termination "Alexander_Moskalenko won by resignation"]

1. e4 e5 2. Nf3 Nc6 3. Bc4 Bc5 4. c3 Nf6 5. d4 exd4 6. cxd4 Bb4+ 7. Bd2 Nxe4 8. Bxb4 Nxb4 9. Bxf7+ Kxf7 10. Qb3+ Kf8 11.
Qxb4+ Qe7 12. Qxe7+ Kxe7 13. Nbd2 Nf6 14. Rc1 Kd8 15. O-O d6 16. Ng5 Re8 17. Rfe1 Rxe1+ 18. Rxe1 h6 19. Nf7+ Kd7 20. Nh8 b6 21. Ng6 Nd5 22. Nf8+ Kc6 23. Ng6 Bb7 24. Nc4 Kd7 25. h4 a5 26. Kh2 b5 27. Nd2 b4 28. Kg3 Ba6 29. Ne4 Bd3 30. f3 Re8 31. Nf4 Nxf4 32. Kxf4 a4 33.
a3 Rb8 34. Re3 Bc2 35. Ng3 g6 36. axb4 Rxb4 37. Rc3 Rxb2 38. h5 g5+ 39. Kg4 Bb3 40. Nf5 Be6 41. d5 Rb4+ 0-1

[Event "*** Titled Tuesday Blitz"]
[Site "Chess.com"]
[Date "2019.07.02"]
[Round "6"]
[White "vlad10898"]
[Black "Bryakin_Mikhail"]
[Result "0-1"]
[WhiteElo "2474"]
[BlackElo "2668"]
[TimeControl "180+2"]
[EndTime "14:22:06 PDT"]
[Termination "Bryakin_Mikhail won by resignation"]

1. e4 c6 2. d4 d5 3. e5 Bf5 4. Nf3 e6 5. Be2 Nd7 6. O-O Bg6 7. Nbd2 Nh6 8. a4 a5 9. Nb3 Nf5 10. Bd2 h5 11. c4 dxc4 12. Bxc4 h4 13. h3 Bh5 14.
Be2 Be7 15. Rc1 g5 16. Nh2 Bg6 17. Qe1 Qb6 18. Bc4 Nxd4 19. Be3 c5 20. Bxd4 cxd4 21. Bb5 Qd8 22. Nxd4 Kf8 23. Rd1 Bb4 24. Qe2 Qe7 25.
Nxe6+ Qxe6 26. Rxd7 Kg7 27. Rxb7 Rab8 28. Rxb8 Rxb8 29.
Nf3 Be7 30. Nd4 Qd5 31. Nc6 Rb7 32. Nxa5 Rc7 33. Rd1 Qe6 34. Nc4 Bc5 35. Qd2 Qf5 36.
b4 Ba7 37. a5 g4 38. hxg4 Qxg4 39. Ne3 Qe4 40. Qd6 Bxe3 41. Qxc7 Bf4 42. Qd6 Bxe5 43. Qd5 Qf4 44. Bd3 Qh2+ 45. Kf1 Bh5 46. f4 Qxf4+ 47. Ke1 0-1

[Event "*** Titled Tuesday Blitz"]
[Site "Chess.com"]
[Date "2019.07.02"]
[Round "6"]
[White "Synctel"]
[Black "ahkashefi2800"]
[Result "1-0"]
[WhiteElo "2013"]
[BlackElo "2053"]
[TimeControl "180+2"]
[EndTime "14:22:06 PDT"]
[Termination "Synctel won on time"]

1. d4 d5 2. Nf3 c6 3. e3 Nf6 4.
h3 Bf5 5. c4 e6 6. Nc3 Bd6 7.
Qb3 Qb6 8. c5 Qxb3 9. axb3 Bc7 10. b4 O-O 11. b5 Nbd7 12. Be2 e5 13. O-O Rfe8 14. b4 e4 15. Nd2 g5 16. Bb2 g4 17. hxg4 Nxg4 18. bxc6 bxc6 19. b5 Re6 20. bxc6 Bh2+ 21. Kh1 Rh6 22. Bxg4 Bxg4 23. cxd7 Bxd7 24. g3 Kh8 25. Kg2 Bh3+ 26. Kxh2 Bxf1+ 27. Kg1 Bh3 28. Nxd5 a5 29. Nf4 Bg4 30. d5+ Kg8 31. d6 1-0

[Event "*** Titled Tuesday Blitz"]
[Site "Chess.com"]
[Date "2019.07.02"]
[Round "6"]
[White "GrigorGrigorov"]
[Black "Micki-taryan"]
[Result "0-1"]
[WhiteElo "2777"]
[BlackElo "2963"]
[TimeControl "180+2"]
[EndTime "14:22:13 PDT"]
[Termination "Micki-taryan won by resignation"]

1. d4 Nf6 2. c4 e6 3. Nf3 b6 4. g3 Ba6 5. b3 b5 6. cxb5 Bxb5 7. Bg2 d5 8. O-O c5 9. Nc3 Bc6 10. Ba3 Qa5 11. Qc1 Nbd7 12. dxc5 Bxc5 13. Bxc5 Qxc5 14.
Qb2 O-O 15. Rac1 Qb6 16. e3 Nc5 17. Rfd1 Rfc8 18. Ne2 Bd7 19. Ne5 Be8 20. h3 a5 21.
Qd4 Qd6 22. Rd2 Ncd7 23. Nxd7 Bxd7 24. Rdc2 Rxc2 25. Rxc2 h5 26. Qc5 Qe5 27. Nd4 Qg5 28.
Qc7 Qg6 29. Qb7 Rd8 30. Qb6 Re8 31. Rc7 Qb1+ 32. Bf1 Qxa2 33. Ra7 e5 34. Rxa5 Qb2 35. Ne2 Bxh3 36. Bxh3 Qxe2 37. Qb5 Qe1+ 38. Bf1 Rc8 39. Ra2 Rc1 40. Kg2 Kh7 41. Qe2 Qxe2 42. Bxe2 g6 43. Ra7 Kg7 44. b4 Rc2 45. Kf1 Rb2 46. b5 Ne4 47.
Rd7 Nc3 48. Bf3 e4 49. Rc7 Nxb5 0-1

[Event "*** Titled Tuesday Blitz"]
[Site "Chess.com"]
[Date "2019.07.02"]
[Round "6"]
[White "Fins0905"]
[Black "GameOverBro"]
[Result "1-0"]
[WhiteElo "2732"]
[BlackElo "2488"]
[TimeControl "180+2"]
[EndTime "14:22:13 PDT"]
[Termination "Fins0905 won by resignation"]

1. Nf3 g6 2. d4 Bg7 3. Bg5 b6 4. e4 Bb7 5. Bd3 d6 6. Qe2 f6 7. Bh4 Nh6 8. Nc3 Nd7 9. e5 fxe5 10.
dxe5 Bxf3 11. Qxf3 Nxe5 12. Bb5+ c6 13. Bxc6+ Nxc6 14.
Qxc6+ Kf8 15. O-O Nf5 16. Qf3 Ke8 17. Bg5 Rf8 18. Rfe1 Rc8 19. Nd5 Rf7 20. Qe4 h6 21. Bf4 e5 22. c3 Kf8 23. Bg3 h5 24. h3 Qg5 25. h4 Nxg3 26. hxg5 Nxe4 27. Rxe4 Rf5 28.
Rd1 Rxg5 29. Ra4 b5 30. Rxa7 Rc5 31. Nb4 d5 32. Nxd5 e4 33. Ne3 Bf6 34. Rdd7 Rc6 35. Rf7+ Kg8 36. Rfb7 Rc8 37. Rd7 h4 38. Nd5 Be5 39.
Ne7+ Kf8 40. Nxc8 1-0

[Event "*** Titled Tuesday Blitz"]
[Site "Chess.com"]
[Date "2019.07.02"]
[Round "6"]
[White "WPWPWP-2015"]
[Black "Supernotar"]
[Result "0-1"]
[WhiteElo "2394"]
[BlackElo "2604"]
[TimeControl "180+2"]
[EndTime "14:22:14 PDT"]
[Termination "Supernotar won on time"]

1. e4 c6 2. d4 d5 3. e5 Bf5 4. Nf3 e6 5. Be2 Nd7 6. O-O h6 7. Nbd2 Ne7 8. a4 Qc7 9. a5 g5 10. b4 Bg7 11. Nb3 f6 12. exf6 Bxf6 13. Bd3 O-O-O 14.
Re1 g4 15. Nfd2 h5 16. Nf1 e5 17. Bxf5 Nxf5 18. a6 b6 19. b5 c5 20. dxe5 Nxe5 21.
Bf4 Nf3+ 22. Qxf3 gxf3 23. Bxc7 Kxc7 24. Rad1 fxg2 25. Kxg2 Nh4+ 26. Kh3 Nf3 27. Re3 Ng5+ 28. Kg2 Rhg8 29. Rg3 h4 30. Rg4 h3+ 31. Kh1 Ne4 32. Rf4 Rg2 33. Ng3 Nxf2+ 34. Rxf2 Rxf2 35. Nc1 Bd4 0-1